 Dungeon Crawl Stone Soup version 0.18-a0-1730-g73f0523 (webtiles) character file.

32 M4edhros the Sneak (level 3, 0/23 HPs)
             Began as an Octopode Artificer on Apr 10, 2016.
             Succumbed to an adder's poison
             ... on level 2 of the Dungeon.
             The game lasted 00:01:10 (1205 turns).

M4edhros the Sneak (Octopode Artificer)             Turns: 1205, Time: 00:01:11

Health: 0/23       AC:  3    Str: 10    XL:     3   Next: 25%
Magic:  14/14      EV: 18    Int: 14    God:
Gold:   49         SH:  0    Dex: 20    Spells: 0 memorised, 2 levels left

rFire  . . .     SeeInvis .     m - +0 hunting sling
rCold  . . .     Gourm    .     (no shield)
rNeg   . . .     Faith    .     (helmet restricted)
rPois  .         Spirit   .     (no amulet)
rElec  .         Dismiss  .     k - ring of magical power
rCorr  .         Reflect  .     (no ring)
SustAt .         Harm     .     (no ring)
MR     .....                    (no ring)
Stlth  +++++.....               (no ring)
                                (no ring)
                                (no ring)
                                (no ring)

@: agile, lethally poisoned (0 -> -17), not resistant to hostile enchantments,
quite stealthy
A: almost no armour, amphibious, 8 rings, constrict 8, thin metallic scales 1,
camouflage 1, agile 1, blink, gelatinous body 1
a: Blink


You were on level 2 of the Dungeon.
You were hungry.

You visited 1 branch of the dungeon, and saw 2 of its levels.

You collected 49 gold pieces.

Inventory:

Hand Weapons
 a - a +0 short sword
 m - a +0 hunting sling (weapon)
Missiles
 l - 20 stones (quivered)
Jewellery
 k - a ring of magical power (left tentacle)
 q - a cursed -3 ring of dexterity {unknown}
Wands
 b - a wand of flame (15/48)
 c - a wand of enslavement (15/24)
 d - a wand of random effects (15/48)
Scrolls
 e - a scroll of remove curse {unknown}
 o - 2 scrolls of teleportation {unknown}
Potions
 h - 2 potions of mutation
 i - a potion of degeneration {unknown}
Comestibles
 f - a bread ration
 j - a beef jerky
 n - 4 fruits
 p - a meat ration


   Skills:
 - Level 1.0 Fighting
 - Level 1.0 Short Blades
 + Level 0.6 Slings
 - Level 2.0 Dodging
 * Level 4.2 Stealth
 - Level 3.2 Evocations


You had 2 spell levels left.
You didn't know any spells.

Dungeon Overview and Level Annotations

Branches:
Dungeon (2/15)

Altars:


Innate Abilities, Weirdness & Mutations

You cannot wear most types of armour.
You are amphibious.
You can wear up to eight rings at the same time.
You can use your tentacles to constrict eight enemies at once.
Your skin changes colour to match your surroundings (Stealth).
Your rubbery body absorbs attacks (AC +1).
You are partially covered in thin metallic scales (AC +2).
You are agile. (Dex +2)
You can translocate small distances at will.


Message History

Press: ? - help, Shift-Dir - straight line, f/p - adder
Aim: an adder (severely wounded)
You shoot a stone.
The stone hits the adder but does no damage.
The adder is severely wounded.
* * * LOW HITPOINT WARNING * * *
You feel sick. The adder bites you.
* * * LOW HITPOINT WARNING * * *
Wield which item (- for none, * to show all)? (? for menu, Esc to quit)
Okay, then.
Drink which item? (? for menu, Esc to quit)
It was a potion of mutation.
You feel extremely strange.
You feel jittery.
You feel agile.
Thin metallic scales grow over part of your body.
* * * LOW HITPOINT WARNING * * *
You feel sick. The adder completely misses you.
Drink which item? (? for menu, Esc to quit)
It was a potion of agility.
You feel agile all of a sudden.
You die...

#.# #.# . #.#
.. #.# ... #.#
.... #.# .....
#.#
......#'#######
.......@.......
.......S.......
#####..(.......
#..........
#..........
#..(.......
#..........
#..(.......


You could see an adder.

Vanquished Creatures
  3 dart slugs (D:1)
  A giant gecko (D:1)
  2 bats (D:1)
  A giant cockroach (D:1)
  3 hobgoblins (D:1)
  A jackal (D:1)
  A kobold (D:1)
  2 giant newts (D:1)
  3 goblins (D:1)
  8 rats
25 creatures vanquished.

Notes
Turn   | Place    | Note
--------------------------------------------------------------
     0 | D:1      | M4edhros the Octopode Artificer began the quest for the Orb.
     0 | D:1      | Reached XP level 1. HP: 13/13 MP: 3/3
    60 | D:1      | Reached skill level 2 in Stealth
    94 | D:1      | Reached XP level 2. HP: 17/18 MP: 4/4
   123 | D:1      | Reached skill level 3 in Stealth
   756 | D:1      | Reached XP level 3. HP: 23/23 MP: 5/5
   915 | D:1      | Reached skill level 4 in Stealth
  1204 | D:2      | Gained mutation: You can translocate small distances at will. [potion of mutation]
  1204 | D:2      | Gained mutation: You are agile. (Dex +2) [potion of mutation]
  1204 | D:2      | Gained mutation: You are partially covered in thin metallic scales (AC +2). [potion of mutation]
  1204 | D:2      | HP: 1/23 [poisoned by an adder]
  1205 | D:2      | Succumbed to an adder's poison

Vault maps used:
D:1:      dpeg_arrival_brainrot, st_stairs_4
D:2:      amethyst_overflow_temple_binary, first_bread

Skill      XL: |  1  2  3 |
---------------+----------+-----
Stealth        | 2 3 4 |  4.2
Fighting       | |  1.0
Short Blades   | |  1.0
Slings         | |  0.6
Dodging        | |  2.0
Evocations     | |  3.2

Action                   || total
-------------------------++-------
Melee: Short sword       ||    30
 Fire: Hunting sling     ||    35
  Use: Potion            ||     2
 Stab: Sleeping          ||     5
